WCHLSIM.com - West Coast Hockey League
html PUBLIC "-//W3C//DTD XHTML 1.0 Transitional//EN" "http://www.w3.org/TR/xhtml1/DTD/xhtml1-transitional.dtd"> WCHL - Game 1177 - KANSAS CITY KILLERBEES vs VANCOUVER VOODOO

KANSAS CITY KILLERBEES vs VANCOUVER VOODOO

Created - 4 avril 2024 at 21:54

Goals
1 2 3 T
KANSAS CITY KILLERBEES 0 2 0 2
VANCOUVER VOODOO 1 1 1 3
Shots
1 2 3 T
KANSAS CITY KILLERBEES 4 9 10 23
VANCOUVER VOODOO 8 13 8 29

1st period

1. VANCOUVER VOODOO , Patrick Kane 22 (Alexander Romanov 17) at 0:25

Penalties :
Morgan Barron (KCK) for Roughing (Double Minor) at 4:29

2nd period

2. KANSAS CITY KILLERBEES , Jaret Anderson-Dolan 3 (Sean Walker 13, Denis Gurianov 4) at 9:54
3. KANSAS CITY KILLERBEES , Boone Jenner 19 (Philipp Kurashev 27) at 11:08 (SH)
4. VANCOUVER VOODOO , Jonathan Drouin 13 (Christian Dvorak 24, Josh Bailey 18) at 19:22

Penalties :
Braden Schneider (VAN) for Hooking (Minor) at 2:50, Jacob Muzzin (KCK) for Hooking (Minor) at 6:45, K'Andre Miller (KCK) for Hooking (Minor) at 10:39

3rd period

5. VANCOUVER VOODOO , Christian Dvorak 22 (Josh Bailey 19) at 18:21

Penalties :
K'Andre Miller (KCK) for Holding (Minor) at 4:33, Nicholas Paul (KCK) for Roughing (Minor) at 10:33

Goalie Stats

John Gibson (KCK), 26 saves from 29 shots - (0,897), L, 14-35-4, 60:00 minutes
Filip Gustavsson (VAN), 21 saves from 23 shots - (0,913), W, 18-18-2, 60:00 minutes

Players Stats for KANSAS CITY KILLERBEES

Player Name              G  A  P  +/- PIM S  H  SB GA TA FO     MP     PP MP  PK MP  
------------------------------------------------------------------------------------
Alexis Lafreniere        0  0  0  -1  0   0  1  0  0  0  0/0    15:47   0:59   1:42 
Boone Jenner             1  0  1  -1  0   4  2  1  0  0  10/32  22:55   1:00   5:55 
Denis Gurianov           0  1  1   1  0   0  0  0  0  0  0/0     5:39   0:00   0:00 
Jacob Muzzin             0  0  0   0  2   0  3  1  0  0  0/0    20:35   0:59   4:41 
Jakub Voracek            0  0  0   0  0   0  0  0  0  0  0/2    12:20   0:59   0:00 
James van Riemsdyk       0  0  0  -1  0   3  2  0  0  0  1/3    19:50   1:00   5:10 
Jaret Anderson-Dolan     1  0  1   1  0   2  0  0  0  0  0/1     5:39   0:00   0:00 
K'Andre Miller           0  0  0  -1  4   3  1  1  0  0  0/0    21:42   1:00   3:56 
MacKenzie Entwistle      0  0  0   1  0   2  0  0  0  0  4/6     5:39   0:00   0:00 
Mattias Ekholm           0  0  0   0  0   1  0  4  0  0  0/0    25:53   1:00   7:17 
Morgan Barron            0  0  0   0  4   2  0  0  0  0  4/11   11:20   0:00   0:00 
Nicholas Paul            0  0  0  -2  2   1  1  0  0  0  2/3    20:42   0:59   4:18 
Nicolas Aube-Kubel       0  0  0  -1  0   0  1  0  0  0  6/17   13:06   0:00   0:00 
Philipp Kurashev         0  1  1  -1  0   2  1  0  0  0  2/5    22:55   1:00   5:55 
Riley Stillman           0  0  0   0  0   2  2  1  0  0  0/0    15:49   0:00   1:43 
Sean Walker              0  1  1   0  0   1  4  5  0  0  0/0    20:59   0:59   5:37 
Will Butcher             0  0  0  -1  0   0  0  1  0  0  0/0    14:59   0:00   0:36 
Zach Aston-Reese         0  0  0   0  0   0  2  0  0  0  0/1    12:11   0:00   0:50 

Players Stats for VANCOUVER VOODOO

Player Name              G  A  P  +/- PIM S  H  SB GA TA FO     MP     PP MP  PK MP  
------------------------------------------------------------------------------------
Alex Newhook             0  0  0   0  0   0  0  0  0  0  1/4     2:38   0:33   0:00 
Alexander Romanov        0  1  1   0  0   0  2  4  0  0  0/0    23:44   6:17   0:46 
Braden Schneider         0  0  0   0  2   0  1  2  0  0  0/0    16:52   0:44   0:00 
Carson Soucy             0  0  0   1  0   1  0  1  0  0  0/0    15:44   0:44   0:46 
Christian Dvorak         1  1  2   2  0   6  0  1  0  0  14/22  13:34   0:00   1:40 
Denis Malgin             0  0  0   0  0   0  0  0  0  0  0/0     1:17   1:17   0:00 
Jonathan Drouin          1  0  1   2  0   1  0  0  0  0  1/1    17:23   6:15   0:00 
Jordan Harris            0  0  0   1  0   1  0  0  0  0  0/0    18:10   4:54   0:00 
Josh Anderson            0  0  0  -1  0   5  1  0  0  0  1/3    21:07   5:07   0:00 
Josh Bailey              0  2  2   1  0   2  0  0  0  0  1/1    15:29   4:21   0:00 
Joshua Norris            0  0  0  -1  0   3  0  0  0  0  15/25  21:47   5:40   0:00 
Michael Pezzetta         0  0  0   0  0   0  1  0  0  0  0/0     2:05   0:00   0:00 
Nicolas Hague            0  0  0   0  0   0  1  0  0  0  0/0    22:04   4:54   1:13 
Nicolas Roy              0  0  0   0  0   1  1  0  0  0  0/1    17:00   0:00   0:19 
Patrick Kane             1  0  1   0  0   3  0  0  0  0  0/0    24:34   6:17   0:00 
Rafael Harvey-Pinard     0  0  0   0  0   3  2  0  0  0  0/0    17:47   0:00   1:40 
Ryan Suter               0  0  0   0  0   0  0  1  0  0  0/0    23:25   6:17   1:13 
Sean Couturier           0  0  0   0  0   3  1  0  0  0  19/24  23:20   6:15   0:19 

3 Stars

1 - Christian Dvorak (VAN)
2 - Jonathan Drouin (VAN)
3 - Josh Bailey (VAN)

Power Play

KANSAS CITY KILLERBEES - 0 on 1 Attempt(s) - 0,00%
VANCOUVER VOODOO - 0 on 6 Attempt(s) - 0,00%

Penalty Kill

KANSAS CITY KILLERBEES - 6 on 6 Attempt(s) - 100,00% - Score 1 goal in Penalty Kill
VANCOUVER VOODOO - 1 on 1 Attempt(s) - 100,00% - Score 0 goal in Penalty Kill

Team Stat

KANSAS CITY KILLERBEES - Hits : 20 - Faceoff Wins : 29 - Blocked Shots : 14 - Penalty Minutes : 12
VANCOUVER VOODOO - Hits : 10 - Faceoff Wins : 52 - Blocked Shots : 9 - Penalty Minutes : 2

Official

Referees : Brian Pochmara and Ben O'Quinn
Linesman : James Tobias and Tony Sericolo

Game Notes

No Game Note

Finance

Level 1 -- Attendance: 6866 (95,36%) -- Ticket Income 995 570 $
Level 2 -- Attendance: 5500 (100,00%) -- Ticket Income 550 000 $
Level 3 -- Attendance: 2641 (88,03%) -- Ticket Income 179 588 $
Level 4 -- Attendance: 5713 (95,22%) -- Ticket Income 274 224 $
Luxury Box -- Attendance: 1000 (100,00%) -- Ticket Income 300 000 $
Total Attendance: 21720 (95,68%)
Total Ticket Income: 2 299 382 $
Other Expense: 22 994 $
Total Income: 2 276 388 $

KANSAS CITY KILLERBEES

5 vs 5 Forward 
   Center                   Left Wing                Right Wing               Time % Phy DF OF 
 1 Boone Jenner             Nicholas Paul            Philipp Kurashev         36     1   2  2  
 2 Nicolas Aube-Kubel       James van Riemsdyk       Alexis Lafreniere        31     1   2  2  
 3 Morgan Barron            Zach Aston-Reese         Jakub Voracek            23     1   2  2  
 4 MacKenzie Entwistle      Jaret Anderson-Dolan     Denis Gurianov           10     1   2  2  

5 vs 5 Defense 
   Defense                  Defense                                           Time % Phy DF OF 
 1 Mattias Ekholm           K'Andre Miller                                    36     1   2  2  
 2 Riley Stillman           Jacob Muzzin                                      31     1   2  2  
 3 Will Butcher             Sean Walker                                       23     1   2  2  
 4 Mattias Ekholm           Jacob Muzzin                                      10     1   2  2  

PowerPlay Forward 
   Center                   Left Wing                Right Wing               Time % Phy DF OF 
 1 Boone Jenner             James van Riemsdyk       Philipp Kurashev         55     1   2  2  
 2 Jakub Voracek            Nicholas Paul            Alexis Lafreniere        45     1   2  2  

PowerPlay Defense
   Defense                  Defense                                           Time % Phy DF OF 
 1 Mattias Ekholm           K'Andre Miller                                    55     1   2  2  
 2 Sean Walker              Jacob Muzzin                                      45     1   2  2  

Penalty Kill 4 Players Forward 
   Center                   Wing                     Time % Phy DF OF 
 1 Boone Jenner             Philipp Kurashev         55     1   2  2  
 2 James van Riemsdyk       Nicholas Paul            45     1   2  2  

Penalty Kill 4 Players Defense
   Defense                  Defense                  Time % Phy DF OF 
 1 Mattias Ekholm           K'Andre Miller           55     1   2  2  
 2 Sean Walker              Jacob Muzzin             45     1   2  2  

Penalty Kill - 3 Players Forward 
   Forward                                           Time % Phy DF OF 
 1 Boone Jenner                                      55     1   2  2  
 2 James van Riemsdyk                                45     1   2  2  

Penalty Kill - 3 Players Defense
   Defense                  Defense                  Time % Phy DF OF 
 1 Mattias Ekholm           K'Andre Miller           55     1   2  2  
 2 Sean Walker              Jacob Muzzin             45     1   2  2  

4 vs 4 Forward 
   Center                   Wing                     Time % Phy DF OF 
 1 Boone Jenner             Philipp Kurashev         55     1   2  2  
 2 James van Riemsdyk       Nicholas Paul            45     1   2  2  

4 vs 4 Defense
   Defense                  Defense                  Time % Phy DF OF 
 1 Mattias Ekholm           K'Andre Miller           55     1   2  2  
 2 Sean Walker              Jacob Muzzin             45     1   2  2  

Last Minutes Offensive
   Center                   Left Wing                Right Wing               Defense                  Defense                  
   Boone Jenner             James van Riemsdyk       Philipp Kurashev         Mattias Ekholm           K'Andre Miller           

Last Minutes Defensive
   Center                   Left Wing                Right Wing               Defense                  Defense                  
   Boone Jenner             James van Riemsdyk       Philipp Kurashev         Mattias Ekholm           K'Andre Miller           

Goaltenders
Starting : John Gibson              
Backup : Ilya Samsonov            

Extra Forwards
Normal : Jakub Voracek, Morgan Barron, Zach Aston-Reese - PP : Jakub Voracek, Morgan Barron - PK : Zach Aston-Reese
Extra Defensemen
Normal : K'Andre Miller, Mattias Ekholm, Sean Walker - PP : Mattias Ekholm - PK : Mattias Ekholm, Sean Walker
Penalty Shots
Boone Jenner, Morgan Barron, James van Riemsdyk, Nicholas Paul, Philipp Kurashev
Custom OT Lines Forwards
Boone Jenner, Denis Gurianov, James van Riemsdyk, Nicholas Paul, Philipp Kurashev, Alexis Lafreniere, Jakub Voracek, Morgan Barron, Zach Aston-Reese, MacKenzie Entwistle
Custom OT Lines Defensemen
Mattias Ekholm, K'Andre Miller, Sean Walker, Jacob Muzzin, Riley Stillman

Scratches
Anders Bjork (Healthy), Andreas Englund (Healthy), Daniel Walcott (Healthy), Tyler Johnson (Lower Body Injury), Cal Petersen (Left Hand Injury)
Jake Kupsky (Healthy)

VANCOUVER VOODOO

5 vs 5 Forward 
   Center                   Left Wing                Right Wing               Time % Phy DF OF 
 1 Sean Couturier           Josh Anderson            Patrick Kane             36     1   1  3  
 2 Joshua Norris            Rafael Harvey-Pinard     Nicolas Roy              36     1   2  2  
 3 Christian Dvorak         Jonathan Drouin          Josh Bailey              24     2   2  1  
 4 Alex Newhook             Michael Pezzetta         Patrick Kane             4      3   1  1  

5 vs 5 Defense 
   Defense                  Defense                                           Time % Phy DF OF 
 1 Ryan Suter               Alexander Romanov                                 36     1   2  2  
 2 Braden Schneider         Nicolas Hague                                     34     1   1  3  
 3 Jordan Harris            Carson Soucy                                      30     2   2  1  
 4 Carson Soucy             Jordan Harris                                     0      1   2  2  

PowerPlay Forward 
   Center                   Left Wing                Right Wing               Time % Phy DF OF 
 1 Sean Couturier           Jonathan Drouin          Patrick Kane             53     1   1  3  
 2 Joshua Norris            Josh Anderson            Josh Bailey              47     2   1  2  

PowerPlay Defense
   Defense                  Defense                                           Time % Phy DF OF 
 1 Ryan Suter               Alexander Romanov                                 53     1   1  3  
 2 Nicolas Hague            Jordan Harris                                     47     1   2  2  

Penalty Kill 4 Players Forward 
   Center                   Wing                     Time % Phy DF OF 
 1 Christian Dvorak         Rafael Harvey-Pinard     60     1   4  0  
 2 Sean Couturier           Nicolas Roy              40     2   2  1  

Penalty Kill 4 Players Defense
   Defense                  Defense                  Time % Phy DF OF 
 1 Nicolas Hague            Ryan Suter               53     2   3  0  
 2 Carson Soucy             Alexander Romanov        47     1   3  1  

Penalty Kill - 3 Players Forward 
   Forward                                           Time % Phy DF OF 
 1 Patrick Kane                                      55     1   4  0  
 2 Sean Couturier                                    45     2   3  0  

Penalty Kill - 3 Players Defense
   Defense                  Defense                  Time % Phy DF OF 
 1 Nicolas Hague            Ryan Suter               52     1   4  0  
 2 Alexander Romanov        Braden Schneider         48     1   3  1  

4 vs 4 Forward 
   Center                   Wing                     Time % Phy DF OF 
 1 Christian Dvorak         Patrick Kane             51     1   2  2  
 2 Joshua Norris            Alex Newhook             49     2   1  2  

4 vs 4 Defense
   Defense                  Defense                  Time % Phy DF OF 
 1 Nicolas Hague            Carson Soucy             52     1   2  2  
 2 Braden Schneider         Ryan Suter               48     1   2  2  

Last Minutes Offensive
   Center                   Left Wing                Right Wing               Defense                  Defense                  
   Sean Couturier           Josh Anderson            Patrick Kane             Ryan Suter               Alexander Romanov        

Last Minutes Defensive
   Center                   Left Wing                Right Wing               Defense                  Defense                  
   Sean Couturier           Christian Dvorak         Nicolas Roy              Ryan Suter               Alexander Romanov        

Goaltenders
Starting : Filip Gustavsson         
Backup : Samuel Montembeault      

Extra Forwards
Normal : Patrick Kane, Joshua Norris, Jonathan Drouin - PP : Sean Couturier, Patrick Kane - PK : Josh Anderson
Extra Defensemen
Normal : Carson Soucy, Alexander Romanov, Ryan Suter - PP : Braden Schneider - PK : Jordan Harris, Ryan Suter
Penalty Shots
Patrick Kane, Rafael Harvey-Pinard, Sean Couturier, Jonathan Drouin, Nicolas Roy
Custom OT Lines Forwards
Patrick Kane, Sean Couturier, Joshua Norris, Nicolas Roy, Josh Anderson, Christian Dvorak, Rafael Harvey-Pinard, Jonathan Drouin, Josh Bailey, Alex Newhook
Custom OT Lines Defensemen
Alexander Romanov, Ryan Suter, Nicolas Hague, Jordan Harris, Braden Schneider

Scratches
Alexander Edler (Healthy), Max Pacioretty (Healthy), Kirby Dach (Left Ankle Injury)

% Time on Ice - KANSAS CITY KILLERBEES

Lines # - Real PCT - Wanted PCT - Time Play
Normal Forward
1 - 34% - 36% - 15:26
2 - 29% - 31% - 13:06
3 - 25% - 23% - 11:21
4 - 12% - 10% - 5:39
Normal Defense
1 - 36% - 36% - 16:14
2 - 31% - 31% - 14:06
3 - 32% - 23% - 14:23
4 - 2% - 10% - 0:49
PP Forward
1 - 50% - 55% - 1:00
2 - 50% - 45% - 0:59
PP Defense
1 - 50% - 55% - 1:00
2 - 50% - 45% - 0:59
PK Forward
1 - 57% - 55% - 6:45
2 - 43% - 45% - 5:10
PK Defense
1 - 64% - 55% - 7:41
2 - 36% - 45% - 4:14
PK3 Forward
1 - 0% - 55%
2 - 0% - 45%
PK3 Defense
1 - 0% - 55%
2 - 0% - 45%
44 Forward
1 - 0% - 55%
2 - 0% - 45%
44 Defense
1 - 0% - 55%
2 - 0% - 45%
Last Minute Offensive  - 0:34
Last Minute Defensive  - 0:00
Total
Forward - 60:00
Defense - 60:00

% Time on Ice - VANCOUVER VOODOO

Lines # - Real PCT - Wanted PCT - Time Play
Normal Forward
1 - 35% - 36% - 16:00
2 - 36% - 36% - 16:07
3 - 25% - 24% - 11:08
4 - 5% - 4% - 2:05
Normal Defense
1 - 34% - 36% - 15:21
2 - 35% - 34% - 15:57
3 - 31% - 30% - 14:02
4 - 0% - 0% - 0:00
PP Forward
1 - 52% - 53% - 6:15
2 - 48% - 47% - 5:40
PP Defense
1 - 59% - 53% - 7:01
2 - 41% - 47% - 4:54
PK Forward
1 - 84% - 60% - 1:40
2 - 16% - 40% - 0:19
PK Defense
1 - 61% - 53% - 1:13
2 - 39% - 47% - 0:46
PK3 Forward
1 - 0% - 55%
2 - 0% - 45%
PK3 Defense
1 - 0% - 52%
2 - 0% - 48%
44 Forward
1 - 0% - 51%
2 - 0% - 49%
44 Defense
1 - 0% - 52%
2 - 0% - 48%
Last Minute Offensive  - 0:00
Last Minute Defensive  - 0:46
Total
Forward - 60:00
Defense - 60:00

Play-by-Play

1st period


0:01 of 1st period - Sean Couturier wins face-off versus Boone Jenner in neutral zone.
0:17 of 1st period - Shot by Patrick Kane.
0:17 of 1st period - Shot Blocked by K'Andre Miller.
0:25 of 1st period - Shot by Patrick Kane.
0:25 of 1st period - Goal by Patrick Kane - KANSAS CITY KILLERBEES : 0 - VANCOUVER VOODOO : 1.
0:26 of 1st period - Nicolas Aube-Kubel wins face-off versus Joshua Norris in neutral zone.
0:51 of 1st period - Nicolas Roy is hit by Jacob Muzzin and loses puck.
1:08 of 1st period - Shot by Joshua Norris.
1:08 of 1st period - Shot Blocked by Riley Stillman.
1:35 of 1st period - Christian Dvorak is hit by Jacob Muzzin and loses puck.
2:29 of 1st period - Shot by Sean Couturier.
2:29 of 1st period - Stopped by John Gibson without a rebound.
2:30 of 1st period - Nicholas Paul wins face-off versus Joshua Norris in KANSAS CITY KILLERBEES zone.
2:49 of 1st period - Off-side.
2:50 of 1st period - MacKenzie Entwistle wins face-off versus Alex Newhook in neutral zone.
2:52 of 1st period - K'Andre Miller is hit by Alexander Romanov and loses puck.
3:27 of 1st period - Shot by Patrick Kane.
3:27 of 1st period - Shot Misses the Net.
4:11 of 1st period - Shot by Rafael Harvey-Pinard.
4:11 of 1st period - Shot Misses the Net.
4:13 of 1st period - Shot by Rafael Harvey-Pinard.
4:13 of 1st period - Shot Hit the Post.
4:28 of 1st period - Off-side.
4:29 of 1st period - Christian Dvorak wins face-off versus Morgan Barron in neutral zone.
4:29 of 1st period - Double Minor Penalty to Morgan Barron for Roughing.
4:30 of 1st period - Sean Couturier wins face-off versus Boone Jenner in KANSAS CITY KILLERBEES zone.
4:41 of 1st period - Shot by Ryan Suter.
4:41 of 1st period - Shot Misses the Net.
4:43 of 1st period - Shot by Ryan Suter.
4:43 of 1st period - Shot Misses the Net.
4:45 of 1st period - Shot by Alexander Romanov.
4:45 of 1st period - Shot Blocked by Mattias Ekholm.
4:47 of 1st period - Shot by Sean Couturier.
4:47 of 1st period - Shot Blocked by Boone Jenner.
5:28 of 1st period - Icing by Jordan Harris.
5:29 of 1st period - James van Riemsdyk wins face-off versus Josh Anderson in VANCOUVER VOODOO zone.
5:53 of 1st period - Shot by Joshua Norris.
5:53 of 1st period - Shot Misses the Net.
8:33 of 1st period - Icing by Sean Walker.
8:34 of 1st period - MacKenzie Entwistle wins face-off versus Alex Newhook in KANSAS CITY KILLERBEES zone.
8:34 of 1st period - MacKenzie Entwistle is hit by Michael Pezzetta.
8:39 of 1st period - Off-side.
8:40 of 1st period - Christian Dvorak wins face-off versus MacKenzie Entwistle in neutral zone.
8:48 of 1st period - Shot by MacKenzie Entwistle.
8:48 of 1st period - Stopped by Filip Gustavsson without a rebound.
8:49 of 1st period - Alex Newhook wins face-off versus Morgan Barron in VANCOUVER VOODOO zone.
8:57 of 1st period - Off-side.
8:58 of 1st period - Boone Jenner wins face-off versus Christian Dvorak in neutral zone.
9:07 of 1st period - Shot by Nicholas Paul.
9:07 of 1st period - Stopped by Filip Gustavsson without a rebound.
9:08 of 1st period - Joshua Norris wins face-off versus Boone Jenner in VANCOUVER VOODOO zone.
9:19 of 1st period - Joshua Norris is hit by Philipp Kurashev and loses puck.
9:24 of 1st period - Shot by Philipp Kurashev.
9:24 of 1st period - Stopped by Filip Gustavsson with a rebound.
9:28 of 1st period - Shot by Boone Jenner.
9:28 of 1st period - Stopped by Filip Gustavsson without a rebound.
9:29 of 1st period - Nicolas Aube-Kubel wins face-off versus Josh Anderson in VANCOUVER VOODOO zone.
9:38 of 1st period - Shot by James van Riemsdyk.
9:38 of 1st period - Shot Blocked by Alexander Romanov.
9:48 of 1st period - Shot by Sean Couturier.
9:48 of 1st period - Stopped by John Gibson without a rebound.
9:49 of 1st period - Joshua Norris wins face-off versus Philipp Kurashev in KANSAS CITY KILLERBEES zone.
9:49 of 1st period - Nicolas Roy is hit by Riley Stillman and loses puck.
11:27 of 1st period - Sean Walker is hit by Josh Anderson and loses puck.
11:59 of 1st period - Icing by Sean Couturier.
12:00 of 1st period - Sean Couturier wins face-off versus Boone Jenner in VANCOUVER VOODOO zone.
12:06 of 1st period - Icing by Riley Stillman.
12:07 of 1st period - Christian Dvorak wins face-off versus Nicholas Paul in KANSAS CITY KILLERBEES zone.
12:45 of 1st period - Shot by Christian Dvorak.
12:45 of 1st period - Stopped by John Gibson without a rebound.
12:46 of 1st period - Nicolas Aube-Kubel wins face-off versus Joshua Norris in KANSAS CITY KILLERBEES zone.
12:46 of 1st period - James van Riemsdyk is hit by Nicolas Roy and loses puck.
13:26 of 1st period - James van Riemsdyk is hit by Nicolas Hague.
14:26 of 1st period - Shot by Patrick Kane.
14:26 of 1st period - Shot Misses the Net.
14:35 of 1st period - Icing by Morgan Barron.
14:36 of 1st period - Morgan Barron wins face-off versus Christian Dvorak in KANSAS CITY KILLERBEES zone.
14:42 of 1st period - Off-side.
14:43 of 1st period - Boone Jenner wins face-off versus Christian Dvorak in neutral zone.
15:46 of 1st period - Icing by Mattias Ekholm.
15:47 of 1st period - Sean Couturier wins face-off versus Boone Jenner in KANSAS CITY KILLERBEES zone.
15:50 of 1st period - Shot by Josh Anderson.
15:50 of 1st period - Shot Misses the Net.
16:04 of 1st period - Shot by Patrick Kane.
16:04 of 1st period - Shot Misses the Net.
16:27 of 1st period - Icing by Josh Anderson.
16:28 of 1st period - Sean Couturier wins face-off versus Nicolas Aube-Kubel in VANCOUVER VOODOO zone.
16:41 of 1st period - Shot by Sean Couturier.
16:41 of 1st period - Stopped by John Gibson with a rebound.
17:21 of 1st period - Shot by Rafael Harvey-Pinard.
17:21 of 1st period - Stopped by John Gibson with a rebound.
17:23 of 1st period - Shot by Joshua Norris.
17:23 of 1st period - Shot Misses the Net.
17:25 of 1st period - Shot by Joshua Norris.
17:25 of 1st period - Stopped by John Gibson with a rebound.
17:27 of 1st period - Shot by Carson Soucy.
17:27 of 1st period - Stopped by John Gibson without a rebound.
17:28 of 1st period - Christian Dvorak wins face-off versus MacKenzie Entwistle in KANSAS CITY KILLERBEES zone.
17:41 of 1st period - Shot by MacKenzie Entwistle.
17:41 of 1st period - Shot Misses the Net.
17:43 of 1st period - Shot by Sean Walker.
17:43 of 1st period - Shot Blocked by Alexander Romanov.
17:45 of 1st period - Shot by Sean Walker.
17:45 of 1st period - Shot Misses the Net.
18:18 of 1st period - Icing by Jonathan Drouin.
18:19 of 1st period - Christian Dvorak wins face-off versus Morgan Barron in VANCOUVER VOODOO zone.
18:51 of 1st period - Icing by K'Andre Miller.
18:52 of 1st period - Joshua Norris wins face-off versus Morgan Barron in KANSAS CITY KILLERBEES zone.
Goals for this period are 0 for KANSAS CITY KILLERBEES vs 1 for VANCOUVER VOODOO.
Shots for this period are 4 for KANSAS CITY KILLERBEES vs 8 for VANCOUVER VOODOO.

2nd period


0:01 of 2nd period - Sean Couturier wins face-off versus Boone Jenner in neutral zone.
0:10 of 2nd period - Shot by Sean Couturier.
0:10 of 2nd period - Shot Blocked by Mattias Ekholm.
0:40 of 2nd period - Shot by Patrick Kane.
0:40 of 2nd period - Shot Misses the Net.
0:51 of 2nd period - Icing by Carson Soucy.
0:52 of 2nd period - Sean Couturier wins face-off versus Nicolas Aube-Kubel in VANCOUVER VOODOO zone.
1:18 of 2nd period - Shot by Joshua Norris.
1:18 of 2nd period - Shot Blocked by Sean Walker.
1:41 of 2nd period - Icing by Sean Walker.
1:42 of 2nd period - Christian Dvorak wins face-off versus Nicolas Aube-Kubel in KANSAS CITY KILLERBEES zone.
1:47 of 2nd period - Shot by Christian Dvorak.
1:47 of 2nd period - Shot Blocked by Sean Walker.
1:49 of 2nd period - Shot by Christian Dvorak.
1:49 of 2nd period - Stopped by John Gibson without a rebound.
1:50 of 2nd period - Philipp Kurashev wins face-off versus Christian Dvorak in KANSAS CITY KILLERBEES zone.
2:34 of 2nd period - Icing by Alexander Romanov.
2:35 of 2nd period - Christian Dvorak wins face-off versus Morgan Barron in VANCOUVER VOODOO zone.
2:37 of 2nd period - Icing by Jonathan Drouin.
2:38 of 2nd period - Jonathan Drouin wins face-off versus Zach Aston-Reese in VANCOUVER VOODOO zone.
2:45 of 2nd period - Shot by K'Andre Miller.
2:45 of 2nd period - Stopped by Filip Gustavsson without a rebound.
2:46 of 2nd period - Sean Couturier wins face-off versus Nicolas Aube-Kubel in VANCOUVER VOODOO zone.
2:46 of 2nd period - Josh Anderson is hit by Nicolas Aube-Kubel and loses puck.
2:50 of 2nd period - Minor Penalty to Braden Schneider for Hooking.
2:51 of 2nd period - Christian Dvorak wins face-off versus Boone Jenner in VANCOUVER VOODOO zone.
3:08 of 2nd period - Rafael Harvey-Pinard is hit by James van Riemsdyk and loses puck.
3:26 of 2nd period - Shot by K'Andre Miller.
3:26 of 2nd period - Stopped by Filip Gustavsson without a rebound.
3:27 of 2nd period - Christian Dvorak wins face-off versus Jakub Voracek in VANCOUVER VOODOO zone.
3:42 of 2nd period - Shot by Alexis Lafreniere.
3:42 of 2nd period - Shot Blocked by Carson Soucy.
3:44 of 2nd period - Shot by Sean Walker.
3:44 of 2nd period - Stopped by Filip Gustavsson without a rebound.
3:45 of 2nd period - Sean Couturier wins face-off versus Boone Jenner in VANCOUVER VOODOO zone.
4:08 of 2nd period - Shot by K'Andre Miller.
4:08 of 2nd period - Stopped by Filip Gustavsson without a rebound.
4:09 of 2nd period - Sean Couturier wins face-off versus Jakub Voracek in VANCOUVER VOODOO zone.
4:09 of 2nd period - Sean Couturier is hit by Alexis Lafreniere.
4:49 of 2nd period - Shot by Sean Walker.
4:49 of 2nd period - Shot Misses the Net.
4:53 of 2nd period - Shot by Mattias Ekholm.
4:53 of 2nd period - Stopped by Filip Gustavsson with a rebound.
5:11 of 2nd period - Shot by K'Andre Miller.
5:11 of 2nd period - Shot Misses the Net.
5:13 of 2nd period - Shot by K'Andre Miller.
5:13 of 2nd period - Shot Misses the Net.
5:21 of 2nd period - Shot by Jaret Anderson-Dolan.
5:21 of 2nd period - Stopped by Filip Gustavsson without a rebound.
5:22 of 2nd period - Boone Jenner wins face-off versus Alex Newhook in VANCOUVER VOODOO zone.
5:34 of 2nd period - Patrick Kane is hit by Sean Walker and loses puck.
6:18 of 2nd period - Shot by Rafael Harvey-Pinard.
6:18 of 2nd period - Stopped by John Gibson without a rebound.
6:19 of 2nd period - Christian Dvorak wins face-off versus Nicolas Aube-Kubel in KANSAS CITY KILLERBEES zone.
6:26 of 2nd period - Shot by Christian Dvorak.
6:26 of 2nd period - Stopped by John Gibson without a rebound.
6:27 of 2nd period - Joshua Norris wins face-off versus Nicolas Aube-Kubel in KANSAS CITY KILLERBEES zone.
6:42 of 2nd period - Shot by Joshua Norris.
6:42 of 2nd period - Shot Misses the Net.
6:44 of 2nd period - Shot by Nicolas Roy.
6:44 of 2nd period - Stopped by John Gibson with a rebound.
6:45 of 2nd period - Minor Penalty to Jacob Muzzin for Hooking.
6:46 of 2nd period - Boone Jenner wins face-off versus Sean Couturier in KANSAS CITY KILLERBEES zone.
6:59 of 2nd period - Shot by Patrick Kane.
6:59 of 2nd period - Shot Misses the Net.
7:12 of 2nd period - Off-side.
7:13 of 2nd period - Joshua Norris wins face-off versus Boone Jenner in neutral zone.
7:16 of 2nd period - Shot by Josh Anderson.
7:16 of 2nd period - Stopped by John Gibson without a rebound.
7:17 of 2nd period - Joshua Norris wins face-off versus Boone Jenner in KANSAS CITY KILLERBEES zone.
7:32 of 2nd period - Shot by Josh Bailey.
7:32 of 2nd period - Stopped by John Gibson without a rebound.
7:33 of 2nd period - Sean Couturier wins face-off versus James van Riemsdyk in KANSAS CITY KILLERBEES zone.
8:28 of 2nd period - Shot by Joshua Norris.
8:28 of 2nd period - Deflect By Josh Anderson.
8:28 of 2nd period - Stopped by John Gibson without a rebound.
8:29 of 2nd period - Boone Jenner wins face-off versus Joshua Norris in KANSAS CITY KILLERBEES zone.
9:54 of 2nd period - Shot by Jaret Anderson-Dolan.
9:54 of 2nd period - Goal by Jaret Anderson-Dolan - KANSAS CITY KILLERBEES : 1 - VANCOUVER VOODOO : 1.
9:55 of 2nd period - Josh Bailey wins face-off versus Boone Jenner in neutral zone.
10:28 of 2nd period - Christian Dvorak is hit by Nicholas Paul and loses puck.
10:39 of 2nd period - Shot by Christian Dvorak.
10:39 of 2nd period - Stopped by John Gibson without a rebound.
10:39 of 2nd period - Minor Penalty to K'Andre Miller for Hooking.
10:40 of 2nd period - Sean Couturier wins face-off versus Boone Jenner in KANSAS CITY KILLERBEES zone.
10:47 of 2nd period - Shot by Sean Couturier.
10:47 of 2nd period - Shot Misses the Net.
11:04 of 2nd period - Off-side.
11:05 of 2nd period - Philipp Kurashev wins face-off versus Joshua Norris in neutral zone.
11:08 of 2nd period - Shot by Boone Jenner.
11:08 of 2nd period - Goal by Boone Jenner - KANSAS CITY KILLERBEES : 2 - VANCOUVER VOODOO : 1.
11:09 of 2nd period - Josh Anderson wins face-off versus James van Riemsdyk in neutral zone.
11:20 of 2nd period - Off-side.
11:21 of 2nd period - Joshua Norris wins face-off versus Boone Jenner in neutral zone.
11:33 of 2nd period - Shot by Josh Anderson.
11:33 of 2nd period - Stopped by John Gibson without a rebound.
11:34 of 2nd period - Boone Jenner wins face-off versus Sean Couturier in KANSAS CITY KILLERBEES zone.
12:30 of 2nd period - Icing by Jordan Harris.
12:31 of 2nd period - Joshua Norris wins face-off versus Boone Jenner in VANCOUVER VOODOO zone.
12:40 of 2nd period - Shot by Josh Anderson.
12:40 of 2nd period - Stopped by John Gibson without a rebound.
12:41 of 2nd period - Morgan Barron wins face-off versus Joshua Norris in KANSAS CITY KILLERBEES zone.
13:05 of 2nd period - Shot by Rafael Harvey-Pinard.
13:05 of 2nd period - Shot Blocked by Will Butcher.
13:15 of 2nd period - Shot by Joshua Norris.
13:15 of 2nd period - Shot Misses the Net.
13:50 of 2nd period - Patrick Kane is hit by K'Andre Miller and loses puck.
14:06 of 2nd period - Icing by Nicolas Hague.
14:07 of 2nd period - Sean Couturier wins face-off versus Boone Jenner in VANCOUVER VOODOO zone.
14:07 of 2nd period - Sean Couturier is hit by Boone Jenner.
14:14 of 2nd period - Off-side.
14:15 of 2nd period - Christian Dvorak wins face-off versus Boone Jenner in neutral zone.
14:21 of 2nd period - Christian Dvorak is hit by Jacob Muzzin and loses puck.
14:26 of 2nd period - Shot by Christian Dvorak.
14:26 of 2nd period - Shot Blocked by Jacob Muzzin.
14:34 of 2nd period - Shot by Josh Bailey.
14:34 of 2nd period - Stopped by John Gibson without a rebound.
14:35 of 2nd period - Sean Couturier wins face-off versus Jaret Anderson-Dolan in KANSAS CITY KILLERBEES zone.
14:39 of 2nd period - Sean Couturier is hit by Sean Walker.
14:52 of 2nd period - Patrick Kane is hit by Sean Walker and loses puck.
15:25 of 2nd period - Shot by James van Riemsdyk.
15:25 of 2nd period - Stopped by Filip Gustavsson with a rebound.
15:29 of 2nd period - Shot by Alexis Lafreniere.
15:29 of 2nd period - Shot Blocked by Braden Schneider.
16:41 of 2nd period - Nicholas Paul is hit by Braden Schneider and loses puck.
16:58 of 2nd period - Sean Couturier is hit by Zach Aston-Reese and loses puck.
18:01 of 2nd period - Shot by Nicolas Roy.
18:01 of 2nd period - Shot Misses the Net.
19:20 of 2nd period - Shot by Christian Dvorak.
19:20 of 2nd period - Shot Blocked by Sean Walker.
19:22 of 2nd period - Shot by Jonathan Drouin.
19:22 of 2nd period - Goal by Jonathan Drouin - KANSAS CITY KILLERBEES : 2 - VANCOUVER VOODOO : 2.
19:23 of 2nd period - Morgan Barron wins face-off versus Christian Dvorak in neutral zone.
19:30 of 2nd period - Shot by Jakub Voracek.
19:30 of 2nd period - Shot Misses the Net.
19:42 of 2nd period - Shot by Christian Dvorak.
19:42 of 2nd period - Shot Blocked by Mattias Ekholm.
19:44 of 2nd period - Shot by Christian Dvorak.
19:44 of 2nd period - Stopped by John Gibson without a rebound.
19:45 of 2nd period - Boone Jenner wins face-off versus Christian Dvorak in KANSAS CITY KILLERBEES zone.
19:49 of 2nd period - Off-side.
19:50 of 2nd period - Nicolas Aube-Kubel wins face-off versus Christian Dvorak in neutral zone.
Goals for this period are 2 for KANSAS CITY KILLERBEES vs 1 for VANCOUVER VOODOO.
Shots for this period are 9 for KANSAS CITY KILLERBEES vs 13 for VANCOUVER VOODOO.

3rd period


0:01 of 3rd period - Joshua Norris wins face-off versus Nicolas Aube-Kubel in neutral zone.
0:13 of 3rd period - Joshua Norris is hit by Riley Stillman and loses puck.
0:19 of 3rd period - Off-side.
0:20 of 3rd period - Boone Jenner wins face-off versus Sean Couturier in neutral zone.
0:20 of 3rd period - Nicholas Paul is hit by Sean Couturier and loses puck.
0:27 of 3rd period - Sean Couturier is hit by Boone Jenner and loses puck.
1:07 of 3rd period - Icing by Carson Soucy.
1:08 of 3rd period - Sean Couturier wins face-off versus Nicolas Aube-Kubel in VANCOUVER VOODOO zone.
1:37 of 3rd period - Shot by Alexis Lafreniere.
1:37 of 3rd period - Shot Blocked by Alexander Romanov.
1:39 of 3rd period - Shot by Alexis Lafreniere.
1:39 of 3rd period - Shot Misses the Net.
1:41 of 3rd period - Shot by James van Riemsdyk.
1:41 of 3rd period - Deflect By Alexis Lafreniere.
1:41 of 3rd period - Shot Misses the Net.
1:43 of 3rd period - Shot by Riley Stillman.
1:43 of 3rd period - Stopped by Filip Gustavsson with a rebound.
1:45 of 3rd period - Shot by James van Riemsdyk.
1:45 of 3rd period - Shot Blocked by Alexander Romanov.
2:02 of 3rd period - Shot by Morgan Barron.
2:02 of 3rd period - Stopped by Filip Gustavsson without a rebound.
2:03 of 3rd period - Christian Dvorak wins face-off versus Boone Jenner in VANCOUVER VOODOO zone.
3:00 of 3rd period - Icing by Sean Couturier.
3:01 of 3rd period - Sean Couturier wins face-off versus Nicolas Aube-Kubel in VANCOUVER VOODOO zone.
3:22 of 3rd period - Shot by Patrick Kane.
3:22 of 3rd period - Stopped by John Gibson without a rebound.
3:23 of 3rd period - Morgan Barron wins face-off versus Joshua Norris in KANSAS CITY KILLERBEES zone.
3:23 of 3rd period - Jakub Voracek is hit by Rafael Harvey-Pinard and loses puck.
3:31 of 3rd period - Off-side.
3:32 of 3rd period - MacKenzie Entwistle wins face-off versus Joshua Norris in neutral zone.
3:39 of 3rd period - Shot by MacKenzie Entwistle.
3:39 of 3rd period - Shot Misses the Net.
3:42 of 3rd period - Icing by Rafael Harvey-Pinard.
3:43 of 3rd period - Joshua Norris wins face-off versus Nicolas Aube-Kubel in VANCOUVER VOODOO zone.
4:26 of 3rd period - Shot by Joshua Norris.
4:26 of 3rd period - Stopped by John Gibson without a rebound.
4:27 of 3rd period - Nicholas Paul wins face-off versus Sean Couturier in KANSAS CITY KILLERBEES zone.
4:33 of 3rd period - Minor Penalty to K'Andre Miller for Holding.
4:34 of 3rd period - Sean Couturier wins face-off versus Boone Jenner in KANSAS CITY KILLERBEES zone.
5:30 of 3rd period - Shot by Josh Anderson.
5:30 of 3rd period - Shot Misses the Net.
5:32 of 3rd period - Shot by Ryan Suter.
5:32 of 3rd period - Shot Blocked by Mattias Ekholm.
6:04 of 3rd period - Shot by Josh Anderson.
6:04 of 3rd period - Shot Misses the Net.
6:06 of 3rd period - Shot by Josh Anderson.
6:06 of 3rd period - Stopped by John Gibson with a rebound.
6:55 of 3rd period - Rafael Harvey-Pinard is hit by Sean Walker and loses puck.
7:24 of 3rd period - Alex Newhook is hit by Zach Aston-Reese and loses puck.
7:37 of 3rd period - Shot by Morgan Barron.
7:37 of 3rd period - Stopped by Filip Gustavsson without a rebound.
7:38 of 3rd period - Nicolas Aube-Kubel wins face-off versus Christian Dvorak in VANCOUVER VOODOO zone.
7:39 of 3rd period - Shot by James van Riemsdyk.
7:39 of 3rd period - Shot Blocked by Christian Dvorak.
7:41 of 3rd period - Shot by James van Riemsdyk.
7:41 of 3rd period - Stopped by Filip Gustavsson without a rebound.
7:42 of 3rd period - Christian Dvorak wins face-off versus Boone Jenner in VANCOUVER VOODOO zone.
7:49 of 3rd period - Shot by Josh Bailey.
7:49 of 3rd period - Shot Misses the Net.
8:30 of 3rd period - Icing by Nicolas Hague.
8:31 of 3rd period - Christian Dvorak wins face-off versus Nicolas Aube-Kubel in VANCOUVER VOODOO zone.
8:48 of 3rd period - Shot by Alexis Lafreniere.
8:48 of 3rd period - Shot Blocked by Braden Schneider.
8:54 of 3rd period - Shot by James van Riemsdyk.
8:54 of 3rd period - Stopped by Filip Gustavsson with a rebound.
10:33 of 3rd period - Minor Penalty to Nicholas Paul for Roughing.
10:34 of 3rd period - Joshua Norris wins face-off versus Boone Jenner in KANSAS CITY KILLERBEES zone.
10:44 of 3rd period - Icing by Joshua Norris.
10:45 of 3rd period - Joshua Norris wins face-off versus Philipp Kurashev in VANCOUVER VOODOO zone.
11:23 of 3rd period - Jonathan Drouin is hit by James van Riemsdyk and loses puck.
12:36 of 3rd period - Shot by Rafael Harvey-Pinard.
12:36 of 3rd period - Stopped by John Gibson without a rebound.
12:37 of 3rd period - MacKenzie Entwistle wins face-off versus Joshua Norris in KANSAS CITY KILLERBEES zone.
12:37 of 3rd period - Jaret Anderson-Dolan is hit by Rafael Harvey-Pinard and loses puck.
12:52 of 3rd period - Shot by MacKenzie Entwistle.
12:52 of 3rd period - Stopped by Filip Gustavsson with a rebound.
12:54 of 3rd period - Shot by Riley Stillman.
12:54 of 3rd period - Stopped by Filip Gustavsson with a rebound.
13:15 of 3rd period - Icing by Rafael Harvey-Pinard.
13:16 of 3rd period - Boone Jenner wins face-off versus Joshua Norris in VANCOUVER VOODOO zone.
13:21 of 3rd period - Shot by Boone Jenner.
13:21 of 3rd period - Stopped by Filip Gustavsson without a rebound.
13:22 of 3rd period - Sean Couturier wins face-off versus Boone Jenner in VANCOUVER VOODOO zone.
13:39 of 3rd period - Shot by Nicholas Paul.
13:39 of 3rd period - Shot Blocked by Ryan Suter.
13:41 of 3rd period - Shot by K'Andre Miller.
13:41 of 3rd period - Shot Hit the Post.
14:54 of 3rd period - Shot by Jonathan Drouin.
14:54 of 3rd period - Shot Misses the Net.
14:56 of 3rd period - Shot by Braden Schneider.
14:56 of 3rd period - Shot Misses the Net.
15:00 of 3rd period - Shot by Josh Bailey.
15:00 of 3rd period - Shot Blocked by Sean Walker.
15:02 of 3rd period - Shot by Christian Dvorak.
15:02 of 3rd period - Shot Misses the Net.
15:04 of 3rd period - Shot by Josh Bailey.
15:04 of 3rd period - Shot Misses the Net.
15:18 of 3rd period - Icing by Sean Walker.
15:19 of 3rd period - Nicolas Aube-Kubel wins face-off versus Nicolas Roy in KANSAS CITY KILLERBEES zone.
15:30 of 3rd period - Shot by Joshua Norris.
15:30 of 3rd period - Shot Blocked by Sean Walker.
15:32 of 3rd period - Shot by Jordan Harris.
15:32 of 3rd period - Stopped by John Gibson without a rebound.
15:33 of 3rd period - Joshua Norris wins face-off versus Boone Jenner in KANSAS CITY KILLERBEES zone.
15:40 of 3rd period - Shot by Joshua Norris.
15:40 of 3rd period - Stopped by John Gibson without a rebound.
15:41 of 3rd period - Boone Jenner wins face-off versus Sean Couturier in KANSAS CITY KILLERBEES zone.
16:06 of 3rd period - Shot by Boone Jenner.
16:06 of 3rd period - Stopped by Filip Gustavsson without a rebound.
16:07 of 3rd period - Joshua Norris wins face-off versus Morgan Barron in VANCOUVER VOODOO zone.
16:23 of 3rd period - Jakub Voracek is hit by Alexander Romanov and loses puck.
17:22 of 3rd period - Shot by Philipp Kurashev.
17:22 of 3rd period - Stopped by Filip Gustavsson with a rebound.
18:21 of 3rd period - Shot by Christian Dvorak.
18:21 of 3rd period - Goal by Christian Dvorak - KANSAS CITY KILLERBEES : 2 - VANCOUVER VOODOO : 3.
18:22 of 3rd period - Joshua Norris wins face-off versus Morgan Barron in neutral zone.
19:25 of 3rd period - Shot by Patrick Kane.
19:25 of 3rd period - Stopped by John Gibson without a rebound.
19:26 of 3rd period - Sean Couturier wins face-off versus Philipp Kurashev in KANSAS CITY KILLERBEES zone.
Goals for this period are 0 for KANSAS CITY KILLERBEES vs 1 for VANCOUVER VOODOO.
Shots for this period are 10 for KANSAS CITY KILLERBEES vs 8 for VANCOUVER VOODOO.


BLAKE
WHEELER
STEVEN
STAMKOS
DREW
DOUGHTY

EAST COAST

HOCKEY LEAGUE

  • 63.RHI2PIT5
  • 64.WOR4ATL3
  • 65.QUECHW
  • 66.CHATRV